 Dungeon Crawl Stone Soup version 0.26.1-2-gb8aa6d0cf2 (webtiles) character file.

Game seed: 7712872116921264074

191 Gadfly the Gusty (level 5, -1/29 HPs)
             Began as a Tengu Air Elementalist on Feb 19, 2021.
             Killed from afar by Natasha (9 damage)
             ... with a puff of flame
             ... on level 3 of the Dungeon.
             The game lasted 00:05:52 (3474 turns).

Gadfly the Gusty (Tengu Air Elementalist)           Turns: 3474, Time: 00:05:53

Health: -1/29      AC:  3    Str:  9    XL:     5   Next: 70%
Magic:  10/10      EV: 16    Int: 16    God:
Gold:   101        SH:  0    Dex: 14    Spells: 3/9 levels left

rFire    . . .     SeeInvis .   f - +0 spear
rCold    . . .     Faith    .   (no shield)
rNeg     . . .     Spirit   .   a - +0 robe
rPois    .         Reflect  .   (helmet restricted)
rElec    .         Harm     .   (no cloak)
rCorr    .         Rampage  .   (no gloves)
Will     .....                  (boots unavailable)
Stlth    ++........             (no amulet)
HPRegen  0.09/turn              (no ring)
MPRegen  0.12/turn              (no ring)

@: flying quickly and evasively, quick
A: beak, talons 3, thin metallic scales 1, deformed body, evolution 1,
MP-powered wands, able to fly
a: Stop Flying


You were on level 3 of the Dungeon.
You visited 1 branch of the dungeon, and saw 3 of its levels.

You collected 101 gold pieces.

Inventory:

Hand Weapons
 f - a +0 spear (weapon)
Armour
 a - a +0 robe (worn)
Scrolls
 g - a scroll of teleportation
Potions
 c - 2 potions of flight {unknown}
 d - a potion of berserk rage {unknown}
 k - 2 potions of might {unknown}


   Skills:
 + Level 1.0 Fighting
 * Level 3.0 Dodging
 - Level 2.0 Stealth
 * Level 2.7 Spellcasting
 * Level 3.1 Conjurations
 * Level 2.5 Summonings
 + Level 4.5 Air Magic
 * Level 1.9 Evocations


You had 3 spell levels left.
You knew the following spells:

 Your Spells              Type           Power        Failure   Level
a - Shock                 Conj/Air       56%          4%          1
b - Swiftness             Air            16%          4%          2
c - Static Discharge      Conj/Air       14%          12%         3

Your spell library contained the following spells:

 Spells                   Type           Power        Failure   Level
 Airstrike                Air            8%           30%         4
 Lightning Bolt           Conj/Air       7%           73%         5


Dungeon Overview and Level Annotations

Branches:
Dungeon (3/15)

Altars:

Annotations:
D:3 Natasha


Innate Abilities, Weirdness & Mutations

You have a beak for a mouth.
You have claws for feet.
You can fly continuously.
You are partially covered in thin metallic scales. (AC +2)
Armour fits poorly on your strangely shaped body.
You evolve.
You expend magic power (3 MP) to strengthen your wands.


Message History

Natasha is severely wounded.
You feel less invigorated.
You feel less confused. Natasha misses you.
You hit Natasha. You peck Natasha.
Natasha is almost dead.
Natasha misses you.
You barely miss Natasha.
Natasha is almost dead.
Natasha extends her claws.
Natasha claws you.
You closely miss Natasha. Your peck misses Natasha.
Natasha is almost dead.
Natasha casts a spell at you. The magic dart hits you!
* * * LOW HITPOINT WARNING * * *
You hit Natasha but do no damage.
Natasha is almost dead.
Natasha zaps a wand.
The puff of flame hits you!
You die...

##### #.###.# ...
...# #.#...## #..
####.####..##..##
##..
#................
...
..##.##(#..##..## #
#.. #.#........##
#.#.#..
#......#####
.......#####.#...##
#.5h@....##.##
#.#########.# >.
#.# #.B #'# ... ..
## .. # ## ###.
+....


You could see Natasha and a shadow imp (summoned).

Vanquished Creatures
  Natasha (twice) (D:3)
  4 gnolls
  4 adders
  An ooze (D:3)
  A worm (D:2)
  A dart slug (D:3)
  3 leopard geckos
  2 giant cockroaches (D:3)
  4 goblins
  7 hobgoblins
  6 jackals (D:1)
  2 quokkas (D:2)
  4 bats
  4 frilled lizards
  6 kobolds
  9 rats
60 creatures vanquished.

Notes
Turn   | Place    | Note
-------+----------+-------------------------------------------
     0 | D:1      | Gadfly the Tengu Air Elementalist began the quest for the
                  | Orb.
     0 | D:1      | Reached XP level 1. HP: 10/10 MP: 4/4
   208 | D:1      | Reached XP level 2. HP: 12/15 MP: 3/6
   678 | D:1      | Reached skill level 1 in Summonings
   737 | D:1      | Reached XP level 3. HP: 19/19 MP: 5/7
   740 | D:1      | Learned a level 2 spell: Swiftness
   744 | D:1      | Learned a level 3 spell: Static Discharge
  1079 | D:1      | Gained mutation: You evolve. [potion of mutation]
  1079 | D:1      | Gained mutation: Your mind is acute. (Int +2) [potion of
                  | mutation]
  1419 | D:2      | Reached skill level 1 in Evocations
  1806 | D:2      | Gained mutation: Your body sometimes deteriorates upon
                  | taking damage. [evolution]
  1871 | D:2      | Lost mutation: Your body sometimes deteriorates upon taking
                  | damage. [potion of mutation]
  1871 | D:2      | Lost mutation: Your mind is acute. (Int +2) [potion of
                  | mutation]
  1871 | D:2      | Gained mutation: Armour fits poorly on your strangely
                  | shaped body. [potion of mutation]
  1871 | D:2      | Gained mutation: You are partially covered in thin metallic
                  | scales. (AC +2) [potion of mutation]
  1871 | D:2      | Gained mutation: You expend magic power (3 MP) to
                  | strengthen your wands. [potion of mutation]
  1895 | D:2      | Found a faded altar of an unknown god.
  2264 | D:2      | Reached XP level 4. HP: 24/24 MP: 5/8
  2640 | D:3      | Noticed Natasha
  2646 | D:3      | Killed Natasha
  2984 | D:3      | Noticed Natasha
  2992 | D:3      | Killed Natasha
  2993 | D:3      | Gained mutation: You can fly continuously. [Tengu growth]
  2993 | D:3      | Reached XP level 5. HP: 23/28 MP: 1/9
  3347 | D:3      | Reached skill level 1 in Fighting
  3455 | D:3      | Noticed Natasha
  3463 | D:3      | HP: 1/29 [Natasha (7)]
  3474 | D:3      | Killed from afar by Natasha

Illustrated notes

Levels and vault maps discovered:
D:1:      minmay_arrival_arboretum_small, layout_basic
D:2:      layout_basic, chequers_ecumenical_altar_simple_redux,
          minmay_misc_feat_iff
D:3:      layout_loops_corners, uniq_natasha, uniq_robin, uniq_grinder,
          uniq_crazy_yiuf_cottage

Skill      XL: |  1  2  3  4  5 |
---------------+----------------+-----
Summonings     | 1 2 |  2.5
Conjurations   | 2 3 |  3.1
Evocations     | 1 |  1.9
Dodging        | 3 |  3.0
Fighting       | 1 |  1.0
Stealth        | |  2.0
Spellcasting   | |  2.7
Air Magic      | |  4.5

Action                   |  1- 3 |  4- 6 || total
-------------------------+-------+-------++-------
Melee: Unarmed           |    13 |       ||    13
       Kick              |     8 |     7 ||    15
       Spear             |    33 |    50 ||    83
       Peck              |     5 |     6 ||    11
 Cast: Shock             |    42 |    42 ||    84
 Abil: Fly               |       |     1 ||     1
  Use: Scroll            |     3 |     4 ||     7
       Potion            |     2 |     4 ||     6
 Stab: Sleeping          |     2 |     3 ||     5
Armor: Robe              |     6 |     8 ||    14
Dodge: Dodged            |    39 |    32 ||    71
